 Dungeon Crawl Stone Soup version 0.30-a0-311-gf115ab0292 (webtiles) character file.

Game seed: 7342507125010078090

40257 MrRokkomies the Fighter (level 13, -12/91 HPs)
             Began as an Armataur Gladiator on Oct 25, 2022.
             Was a Follower of Uskayaw.
             Mangled by a sun demon (25 damage)
             ... led by a balrug
             ... on level 3 of the Abyss.
             The game lasted 00:41:32 (20054 turns).

MrRokkomies the Fighter (Armataur Gladiator)       Turns: 20054, Time: 00:41:33

Health: -12/91     AC: 21    Str: 21 (23) XL:     13   Next: 73%
Magic:  15/16      EV: 12    Int:  8 (9)  God:    Uskayaw [*.....]
Gold:   983        SH:  0    Dex: 13      Spells: 12/12 levels left

rFire   x x .      SeeInvis +    b - +4 executioner's axe (flame)
rCold   . . .      Faith    .    (shield currently unavailable)
rNeg    . . .      Spirit   .    C - +0 acid dragon scales
rPois   +          Reflect  .    l - +2 helmet {SInv}
rElec   .          Harm     .    S - scarf {repulsion}
rCorr   +          Roll     +    h - +1 pair of gloves {infuse}
Will    .....      Rage     9%   u - +1 barding
Stlth   +.........               D - amulet of the acrobat
HPRegen 0.35/turn                J - +4 ring of evasion
MPRegen 0.15/turn                (no ring)

@: about to teleport, repel missiles, unable to drink
A: large, rugged brown scales 3, deformed body, armoured tail, roll, long
tongue, awkward tongue, poison resistance, [berserk 2], [deterioration 2],
[frail 3], [low MP 2], [screaming 2], [heat vulnerability 2], [inability to
drink after injury 2]
a: Renounce Religion, Stomp


You were on level 3 of the Abyss.
You worshipped Uskayaw.
Uskayaw was aware of your devotion.
You visited 3 branches of the dungeon, and saw 16 of its levels.
You visited the Abyss 1 time.

You collected 983 gold pieces.

Inventory:

Hand Weapons
 a - a +4 quarterstaff of chaos
 b - a +4 executioner's axe of flaming (weapon)
 v - a +0 dire flail
 x - a +1 broad axe
 N - a +0 battleaxe
 O - a +0 war axe of flaming
Missiles
 d - a throwing net
 e - 3 javelins
 i - 11 boomerangs
 k - 6 poisoned darts (quivered)
 m - 3 curare-tipped darts
 t - 8 silver boomerangs
Armour
 f - a +0 pair of gloves
 h - a +1 pair of gloves of infusion (worn)
 l - a +2 helmet of see invisible (worn)
 u - a +1 barding (worn)
 C - +0 acid dragon scales (worn)
 S - a scarf of repulsion (worn)
Jewellery
 z - a ring of wizardry
 D - an amulet of the acrobat (around neck)
 J - a +4 ring of evasion (left hand)
Wands
 q - a wand of charming (7)
 w - a wand of roots (18)
 y - a wand of light (16)
 B - a wand of polymorph (8)
 E - a wand of flame (2)
Scrolls
 c - a scroll of silence
 g - a scroll of poison
 F - 2 scrolls of fear
 G - 3 scrolls of amnesia
 I - 5 scrolls of teleportation
 P - 4 scrolls of immolation
Potions
 j - 3 potions of cancellation
 n - 5 potions of curing
 p - 3 potions of attraction
 r - a potion of lignification
 A - 3 potions of mutation
 L - a potion of flight
 Q - a potion of brilliance
 R - a potion of magic


   Skills:
 + Level 12.9 Fighting
 * Level 11.4(11.6) Axes
 - Level 3.0(8.1) Polearms
 - Level 2.6(3.4) Staves
 * Level 5.4 Throwing
 - Level 10.0 Armour
 - Level 3.0 Dodging
 + Level 9.6 Invocations


You had 12 spell levels left.
You didn't know any spells.
Your spell library contained the following spells:

 Spells                   Type           Power      Damage    Failure   Level
 Apportation              Tloc           0%         N/A       47%         1
 Magic Dart               Conj           0%         1d3       47%         1
 Slow                     Hex            0%         N/A       47%         1
 Summon Small Mammal      Summ           0%         N/A       47%         1
 Ensorcelled Hibernation  Hex/Ice        0%         N/A       63%         2
 Passwall                 Tmut/Erth      0%         N/A       63%         2
 Searing Ray              Conj           0%         2d4       63%         2
 Sublimation of Blood     Necr           0%         N/A       63%         2
 Wereblood                Tmut           0%         N/A       63%         2
 Call Canine Familiar     Summ           0%         N/A       85%         3
 Confusing Touch          Hex            0%         N/A       85%         3
 Ignite Poison            Fire/Tmut/Pois 0%         N/A       85%         3
 Stone Arrow              Conj/Erth      0%         3d7       85%         3
 Summon Guardian Golem    Hex/Summ       0%         N/A       85%         3
 Swiftness                Air            0%         N/A       85%         3
 Vampiric Draining        Necr           0%         2d6       85%         3
 Animate Armour           Summ/Erth      0%         N/A       99%         4
 Cause Fear               Hex            0%         N/A       99%         4
 Fulminant Prism          Conj/Hex       0%         3d6       99%         4
 Sticky Flame             Conj/Fire      0%         2d3       99%         4
 Alistair's Intoxication  Tmut/Pois      0%         N/A       100%        5
 Summon Forest            Summ/Tloc      0%         N/A       100%        5
 Summon Mana Viper        Hex/Summ       0%         N/A       100%        5
 Summon Cactus Giant      Summ           0%         N/A       100%        6
 Dragon Form              Tmut           0%         N/A       100%        7
 Summon Hydra             Summ           0%         N/A       100%        7
 Ignition                 Fire           0%         3d3       100%        8
 Lehudib's Crystal Spear  Conj/Erth      0%         10d2      100%        8
 Dragon's Call            Summ           0%         N/A       100%        9


Dungeon Overview and Level Annotations

Branches:
Dungeon (10/15)            Temple (1/1) D:4            Lair (5/5) D:10
 Shoals (0/4) Lair:3        Snake (0/4) Lair:2        Slime (0/5) Lair:4
    Orc (0/2) D:9

Altars:
Ashenzari
Cheibriados
Dithmenos
Elyvilon
Fedhas
Gozag
Hepliaklqana
Kikubaaqudgha
Makhleb
Nemelex Xobeh
Okawaru
Qazlal
Ru
Sif Muna
Trog
Uskayaw
Vehumet
Wu Jian
Xom
Yredelemnul
Zin
The Shining One
Jiyva

Annotations:
D:4 3 runed translucent doors, alexxx's ghost, amateur GrFE
Lair:3 2 transporters, foxfromabyss's ghost, journeyman KoBe


Innate Abilities, Weirdness & Mutations

You are completely covered in rugged brown scales. (AC +3, +7% HP)
Armour fits poorly on your strangely shaped body.
You have a long armoured tail.
You roll when moving toward enemies. (Rampage)
Your long tongue fully drains potion bottles. (2x potion effects)
Your tongue gives you trouble enunciating. (1.5x scroll delay)
Your system is resistant to poisons. (rPois)
[You have an uncontrollable temper.]
[Your body often deteriorates upon taking damage.]
[You are extremely frail. (-30% HP)]
[Your magical capacity is very low. (-20% MP)]
[You frequently scream uncontrollably at your foes.]
[You are very vulnerable to heat. (rF--)]
[You sometimes lose the ability to drink potions when taking damage.]


Message History

Your body deteriorates!
You feel weakened. The large abomination hits you!
You barely miss the large abomination.
The large abomination is lightly damaged.
The large abomination closely misses you.
You slice the large abomination!! You burn the large abomination!
The large abomination is severely damaged.
The large abomination hits you.
You slice the large abomination!! You burn the large abomination.
You destroy the large abomination!
You can now pass through a line of other dancers.
You can drink potions again.
Magic restored.
A tentacled starspawn comes into view.
A sun demon comes into view.
The sun demon shouts!
A sun demon comes into view.
A balrug comes into view.
It is wielding a +2 demon whip of freezing.
As you slowly read the scroll of teleportation, it crumbles to dust.
You feel strangely unstable.
You feel the power of the Abyss delaying your translocation!
A sun demon comes into view.
Unknown command.
The sun demon shouts!
You slash the sun demon!
The sun demon is moderately wounded.
A tentacle flies out from the starspawn's body!
A starspawn tentacle comes into view.
You closely miss the sun demon.
You tail-slap the sun demon, but do no damage.
The sun demon is moderately wounded.
The sun demon hits you!
You feel threatened and lose the ability to drink potions!
You are engulfed in flames!!
The fire burns you terribly!
* * * LOW HITPOINT WARNING * * *
Your body deteriorates!
You feel weakened. The sun demon misses you. The sun demon hits you.
* * * LOW HITPOINT WARNING * * *
You are engulfed in flames!!
The fire burns you terribly!
You die...

##.####..# ..
....#
#.##.#...#
#..#.######
#...#X#...#
#..#.#......#
####.......
.# ##.wX###.#
#..#..w@### #
#.#.#.33# . #
#####2.#
##3.. .#... .
## #


You could see a tentacled starspawn, a balrug, 3 sun demons and 2 starspawn
tentacles.

Vanquished Creatures
  Rupert (Lair:5)
  Gastronok (Lair:1)
  A dire elephant (Lair:5)
  Snorg (Lair:4)
  3 hydras
  3 boulder beetles
  A large abomination (Abyss:3)
  A manticore (D:9)
  6 elephants
  A rust devil (Abyss:2)
  Maggie (D:6)
  5 black mambas
  3 rime drakes (Lair:5)
  16 cane toads
  4 komodo dragons
  2 polar bears
  A raiju (shapeshifter) (Lair:4)
  15 blink frogs
  2 dream sheep (Lair:3)
  A shadow (D:10)
  42 yaks
  6 wyverns
  6 humans (D:8)
  2 basilisks
  2 wargs (D:9)
  2 steam dragons
  18 water moccasins
  2 swamp worms (Lair:1)
  A hell hound (Lair:5)
  9 orc warriors
  An ice beast (D:4)
  A black bear (D:7)
  2 ogres
  15 wolves
  3 centaurs
  A kobold brigand (D:3)
  4 necrophages
  17 bullfrogs
  3 scorpions (D:10)
  A wyvern zombie (D:8)
  7 wights (D:8)
  A howler monkey (D:9)
  An electric eel (Lair:1)
  A gnoll bouda (D:6)
  2 jellies
  An iron imp (D:6)
  5 hounds
  A human zombie (D:8)
  8 orc priests
  Crazy Yiuf (D:2)
  4 iguanas
  20 orc wizards
  7 hell rats (Lair:5)
  4 mummies (D:8)
  Robin (D:2)
  12 gnolls
  6 adders
  A shadow imp (D:7)
  4 white imps
  A worm (D:2)
  A dart slug (D:2)
  43 orcs
  6 ball pythons
  4 bats
  2 endoplasms
  5 giant cockroaches (D:1)
  17 goblins
  13 hobgoblins
  5 jackals
  10 quokkas
  3 frilled lizards
  5 kobolds
  2 rats (D:3)
411 creatures vanquished.

Vanquished Creatures (collateral kills)
  A death yak (Lair:3)
  A wolf (Lair:4)
2 creatures vanquished.

Vanquished Creatures (others)
  A wolf zombie (Lair:4)
  A hound zombie (D:6)
  53 fungi
  63 plants
118 creatures vanquished.

Grand Total: 531 creatures vanquished

Notes
Turn   | Place    | Note
-------+----------+-------------------------------------------
     0 | D:1      | MrRokkomies the Armataur Gladiator began the quest for the
                  | Orb.
     0 | D:1      | Reached XP level 1. HP: 18/18 MP: 1/1
    31 | D:1      | Reached skill level 2 in Fighting
    31 | D:1      | Reached XP level 2. HP: 19/25 MP: 2/2
   102 | D:1      | Reached skill level 1 in Polearms
   103 | D:1      | Reached skill level 1 in Armour
   208 | D:1      | Found a faded altar of an unknown god.
   218 | D:1      | Reached XP level 3. HP: 31/31 MP: 3/3
   559 | D:2      | Noticed Robin
   560 | D:2      | Reached XP level 4. HP: 14/39 MP: 4/4
   845 | D:2      | Killed Robin
   855 | D:2      | Reached skill level 3 in Fighting
  1323 | D:2      | Reached XP level 5. HP: 47/48 MP: 5/5
  1365 | D:2      | Found a runed translucent door.
  1366 | D:2      | Noticed Crazy Yiuf
  1841 | D:2      | Killed Crazy Yiuf
  1996 | D:3      | Found a shimmering blue altar of Sif Muna.
  2314 | D:3      | Found a faded altar of an unknown god.
  2315 | D:3      | Found a hazy altar of Hepliaklqana.
  2430 | D:3      | Reached XP level 6. HP: 12/54 MP: 6/6
  3197 | D:4      | Found a staircase to the Ecumenical Temple.
  3234 | Temple   | Entered the Ecumenical Temple
  3298 | Temple   | Became a worshipper of Uskayaw the Reveller
  3401 | D:4      | Found a runed translucent gate.
  3401 | D:4      | Found a runed translucent gate.
  3401 | D:4      | Found a runed translucent gate.
  3406 | D:4      | Noticed alexxx's ghost (amateur GrFE)
  3476 | D:4      | Found a broken altar of Ashenzari.
  3591 | D:4      | Reached * piety under Uskayaw
  3680 | D:4      | Reached ** piety under Uskayaw
  3687 | D:4      | Reached skill level 4 in Fighting
  3835 | D:4      | Noticed an ice beast
  3835 | D:4      | Noticed a yak
  3899 | D:4      | Killed an ice beast
  3899 | D:4      | Reached *** piety under Uskayaw
  3900 | D:4      | Reached skill level 1 in Axes
  3900 | D:4      | Reached skill level 1 in Invocations
  3900 | D:4      | Reached XP level 7. HP: 63/63 MP: 7/7
  3901 | D:4      | Reached **** piety under Uskayaw
  3902 | D:4      | Killed a yak
  4090 | D:4      | Found a blossoming altar of Fedhas.
  4091 | D:4      | Found an ornate altar of the Wu Jian Council.
  4254 | D:5      | Entered Level 5 of the Dungeon
  4269 | D:5      | Found a radiant altar of Vehumet.
  4310 | D:5      | Noticed a yak
  4311 | D:5      | Noticed a yak
  4311 | D:5      | Noticed a yak
  4312 | D:5      | Noticed a yak
  4329 | D:5      | Killed a yak
  4330 | D:5      | Reached skill level 5 in Fighting
  4330 | D:5      | Killed a yak
  4331 | D:5      | Reached XP level 8. HP: 53/72 MP: 9/9
  4332 | D:5      | Reached ***** piety under Uskayaw
  4582 | D:5      | Identified the +3 leather armour of Generosity {rN+ Str-3
                  | Int+8 Dex-3}
  4608 | D:5      | Reached skill level 5 in Armour
  4618 | D:5      | Reached skill level 6 in Fighting
  5090 | D:6      | Reached XP level 9. HP: 60/83 MP: 11/11
  5531 | D:6      | Noticed Maggie
  5540 | D:6      | Killed Maggie
  5595 | D:6      | Reached skill level 5 in Axes
  5756 | D:6      | Reached skill level 7 in Fighting
  5928 | D:6      | Found a snail-covered altar of Cheibriados.
  6184 | D:7      | Found a glowing golden altar of the Shining One.
  7331 | D:8      | Reached skill level 5 in Invocations
  7331 | D:8      | Reached XP level 10. HP: 94/94 MP: 13/13
  7663 | D:8      | Reached skill level 8 in Fighting
  7796 | D:8      | You fall into a shaft and drop 2 floors!
  7796 | D:10     | Entered Level 10 of the Dungeon
  7852 | D:9      | Noticed a two-headed ogre
  7855 | D:9      | a two-headed ogre changed into a manticore
  7855 | D:9      | Noticed a manticore
  7889 | D:9      | Killed a manticore
  8516 | D:8      | Found an ancient bone altar of Kikubaaqudgha.
  8964 | D:9      | Found a sparkling altar of Nemelex Xobeh.
  9073 | D:9      | Identified the ring of Serendipity {rF+ rC++ Dex+5}
  9114 | D:9      | Noticed a cyclops
  9333 | D:9      | Reached skill level 9 in Fighting
  9471 | D:9      | Found a staircase to the Orcish Mines.
 10016 | D:10     | Reached XP level 11. HP: 83/103 MP: 15/15
 10038 | D:10     | Reached ****** piety under Uskayaw
 10492 | D:10     | Found a staircase to the Lair.
 11125 | Lair:1   | Entered Level 1 of the Lair of Beasts
 11149 | Lair:1   | Noticed Gastronok
 11164 | Lair:1   | Killed Gastronok
 11362 | Lair:1   | Reached skill level 10 in Fighting
 12619 | Lair:2   | Found a staircase to the Snake Pit.
 12959 | Lair:2   | Noticed a boulder beetle
 14235 | Lair:2   | Reached XP level 12. HP: 86/115 MP: 17/17
 14277 | Lair:2   | Killed a boulder beetle
 14387 | Lair:3   | Found a staircase to the Shoals.
 14398 | Lair:3   | Noticed an eight-headed hydra
 14404 | Lair:3   | Killed an eight-headed hydra
 14457 | Lair:3   | Found a transporter.
 14570 | Lair:3   | Reached skill level 11 in Fighting
 14815 | Lair:3   | Noticed a boulder beetle
 14835 | Lair:3   | Killed a boulder beetle
 14836 | Lair:3   | Reached skill level 10 in Armour
 15213 | Lair:3   | Noticed a six-headed hydra
 15221 | Lair:3   | Killed a six-headed hydra
 15993 | Lair:3   | Found a transporter.
 16002 | Lair:3   | Noticed foxfromabyss's ghost (journeyman KoBe)
 16030 | Lair:3   | Noticed a death yak
 16037 | Lair:3   | Killed a death yak
 16038 | Lair:3   | Reached skill level 10 in Axes
 16393 | Lair:4   | Noticed a five-headed hydra
 16399 | Lair:4   | Killed a five-headed hydra
 16787 | Lair:4   | Reached skill level 12 in Fighting
 16931 | Lair:4   | Reached XP level 13. HP: 90/126 MP: 0/19
 17250 | Lair:4   | Noticed Snorg
 17381 | Lair:4   | Killed Snorg
 17864 | Lair:4   | Found a viscous altar of Jiyva.
 17865 | Lair:4   | Found a staircase to the Slime Pits.
 17917 | Lair:4   | Identified the +0 leather armour "Lesm" {+Blink rN+++ rCorr
                  | Str-5}
 18230 | Lair:5   | Entered Level 5 of the Lair of Beasts
 18593 | Lair:5   | Noticed Rupert
 19075 | Lair:5   | Killed Rupert
 19592 | Lair:5   | Reached skill level 5 in Throwing
 19681 | Lair:5   | Noticed a dire elephant
 19690 | Lair:5   | Killed a dire elephant
 19879 | Abyss:2  | Cast into level 2 of the Abyss (a wizard)
 19936 | Abyss:2  | Noticed a bone dragon
 20014 | Abyss:3  | Gained mutation: Your system is resistant to poisons.
                  | (rPois) [potion of mutation]
 20041 | Abyss:3  | Noticed a tentacled starspawn
 20051 | Abyss:3  | Noticed a balrug
 20054 | Abyss:3  | Mangled by a sun demon

Illustrated notes

Levels and vault maps discovered:
D:1:      lightli_arrival_boilingwater, layout_rooms,
          shapermc_ecumenical_altar_mp_highgroup, hex_medium
D:2:      layout_loops_corners, minmay_distorted, uniq_crazy_yiuf_cottage,
          uniq_robin
D:3:      layout_loops_corners, beargit_hepliaklqana_dungeon_heroes,
          lemuel_crystal_altar
D:4:      cheibrodos_barr_body, layout_basic, general_overflow_altar,
          gammafunk_temple_overflow_statue, temple_pool_b,
          gammafunk_ghost_necromancy, chequers_serial_rivers_small_a
D:5:      layout_rooms, lemuel_tele_altar, hangedman_minor_gate_pass
D:6:      layout_loops_corners, slow_altar_2, uniq_maggie
D:7:      layout_loops_corners, lemuel_round_altar, kennysheep_generic_room_13
D:8:      layout_layer_cave, lemuel_mausoleum_altar_kikubaaqudgha,
          minmay_ruffians
D:9:      layout_irregular_city, nemelex_xobeh_ov_fountains_minmay,
          david_orc_1_choice, enter_bailey_3, onia_ninara_dug_in_and_dangerous
D:10:     layout_basic, grunt_lair_entry_orc_guard_hut, glass_columns_a
Temple:   nicolae_temple_x_marks_the_god
Lair:1:   layout_gridlike, worms_lemuel, infiniplex_staircase_pool,
          uniq_gastronok
Lair:2:   layout_regular_city, serial_bayou_shore_b
Lair:3:   nzn_winding_woodlands_cross [nzn_winding_woodlands_5x15_sawtooth,
          nzn_winding_woodlands_5x15_pathside_ponds,
          nzn_winding_woodlands_5x15_pockets, nzn_winding_woodlands_5x15_parted,
          nzn_winding_woodlands_15x15_eel_pit], layout_gridlike,
          elwin_shoals_entry_rocks, gammafunk_ghost_arena, lemuel_old_faithful
Lair:4:   layout_gridlike, slime_entry_1, uniq_snorg
Lair:5:   evil_forest, layout_small_grid, lemuel_fruit_fields, uniq_rupert
Abyss:3:  base: D:11, spicy_abyss_helpful_harpoons

Skill      XL: |  1  2  3  4  5  6  7  8  9 10 11 12 13 |
---------------+----------------------------------------+-----
Fighting       | 2 3 4 5 6 7 9 10 12 | 12.9
Polearms       | 1 2 3 |  3.0
Armour         | 1 2 3 4 5 6 8 9 10 | 10.0
Dodging        | 3 |  3.0
Axes           | 1 2 4 6 7 9 10 11 | 11.4
Invocations    | 1 2 3 5 6 7 8 9 |  9.6
Throwing       | 3 5 |  5.4
Staves         | |  2.6

Action                   |  1- 3 |  4- 6 |  7- 9 | 10-12 | 13-15 || total
-------------------------+-------+-------+-------+-------+-------++-------
Melee: Quarterstaff      |    57 |   146 |   248 |   748 |   196 ||  1395
       Tailslap          |    10 |    12 |    38 |   124 |    53 ||   237
       Executioner's axe |       |       |       |       |    53 ||    53
Throw: Throwing net      |     2 |     2 |       |     1 |     2 ||     7
       Dart              |       |       |       |    16 |    27 ||    43
Invok: Stomp             |       |       |       |     2 |       ||     2
Evoke: Wand              |       |       |       |     7 |     4 ||    11
  Use: Scroll            |       |     4 |    10 |    13 |     5 ||    32
       Potion            |       |       |     1 |     9 |     9 ||    19
 Stab: Held in net/web   |     1 |       |       |       |       ||     1
       Paralysed         |       |       |    11 |    53 |    18 ||    82
       Petrified         |       |       |     1 |       |       ||     1
       Confused          |       |       |       |     4 |       ||     4
       Invisible         |       |       |       |       |     2 ||     2
       Distracted        |       |       |       |       |     1 ||     1
       Petrifying        |       |       |       |       |     1 ||     1
Armor: Leather armour    |     9 |       |       |       |       ||     9
       Chain mail        |    13 |    77 |   130 |       |       ||   220
       Acid dragon scale |       |       |    43 |   486 |   150 ||   679
Dodge: Dodged            |    21 |    32 |   102 |   621 |   176 ||   952
       Repelled          |       |       |       |       |     3 ||     3

Table legend: (Time is in decaauts)
 A = Elapsed time spent in this place.
 B = Non-inter-level travel time spent in this place.
 C = Inter-level travel time spent in this place.
 D = Time resting spent in this place.
 E = Time spent auto-exploring this place.
 F = Levels seen in this place.
 G = Mean time per level.
                   A        B        C        D        E       F      G
               +--------+--------+--------+--------+--------+-----+--------+
         Total |  20297 |  19498 |    799 |   3204 |  13067 |  18 | 1127.6 |
       Dungeon |  11186 |  10540 |    646 |   1375 |   7317 |  10 | 1118.6 |
        Temple |     71 |     51 |     20 |      0 |     46 |   1 |   71.0 |
          Lair |   8859 |   8727 |    132 |   1829 |   5588 |   5 | 1771.8 |
         Abyss |    179 |    179 |      0 |      0 |    116 |   2 |   89.5 |
               +--------+--------+--------+--------+--------+-----+--------+

Top non-repeatable levels by time:
  Lair:2: 2194 daAuts
  Lair:4: 1991 daAuts
  Lair:3: 1932 daAuts
  Lair:5: 1622 daAuts
     D:8: 1596 daAuts
     D:2: 1362 daAuts
     D:9: 1318 daAuts
    D:10: 1244 daAuts
     D:3: 1156 daAuts
  Lair:1: 1118 daAuts
     D:6: 1087 daAuts
     D:4: 1055 daAuts
     D:7: 918 daAuts
     D:5: 795 daAuts
     D:1: 652 daAuts
